 Dungeon Crawl Stone Soup version 0.29-a0-338-g1ff7896281 (webtiles) character file.

Game seed: 17460877903145234889

200 siradein the Bolt Thrower (level 5, -9/50 HPs)
             Began as a Naga Hunter on Apr 18, 2022.
             Mangled by an ogre
             ... wielding a +0 giant club
              (14 damage)
             ... on level 4 of the Dungeon.
             The game lasted 00:05:27 (3514 turns).

siradein the Bolt Thrower (Naga Hunter)             Turns: 3514, Time: 00:05:28

Health: -9/50      AC:  3    Str: 13    XL:     5   Next: 78%
Magic:  5/5        EV: 10    Int: 10    God:
Gold:   118        SH:  0    Dex: 16    Spells: 4/4 levels left

rFire   . . .      SeeInvis +   a - +1 hand crossbow
rCold   . . .      Faith    .   (no shield)
rNeg    + . .      Spirit   .   b - +0 leather armour
rPois   +          Reflect  .   (no helmet)
rElec   .          Harm     .   (no cloak)
rCorr   .          Rampage  .   (no gloves)
Will    .....                   (no barding)
Stlth   ++........              (no amulet)
HPRegen 0.16/turn               j - ring of positive energy
MPRegen 0.09/turn               (no ring)

@: short of breath, very slow
A: AC +1, large, see invisible, deformed body, poison resistance, slowness 2,
spit poison 1, naga tail 1
a: Spit Poison


You were on level 4 of the Dungeon.
You visited 1 branch of the dungeon, and saw 4 of its levels.

You collected 118 gold pieces.

Inventory:

Hand Weapons
 a - a +1 hand crossbow (weapon)
Armour
 b - a +0 leather armour (worn)
Jewellery
 i - an amulet of faith
 j - a ring of positive energy (left hand)
Wands
 s - a wand of iceblast (6)
Scrolls
 c - 4 scrolls of immolation
 g - 2 scrolls of identify {unknown}
 h - a scroll of fear {unknown}
 l - a scroll of noise {unknown}
 m - 2 scrolls of teleportation {unknown}
 t - a scroll of enchant weapon {unknown}
Potions
 d - a potion of magic {unknown}
 e - 4 potions of curing {unknown}
 f - a potion of mutation {unknown}
 k - a potion of degeneration {unknown}
 n - a potion of might {unknown}
 o - a potion of ambrosia {unknown}
 q - 4 potions of brilliance {unknown}
 r - a potion of attraction {unknown}


   Skills:
 + Level 3.6 Fighting
 + Level 4.6 Crossbows
 + Level 3.0 Dodging
 - Level 1.5 Stealth


You had 4 spell levels left.
You didn't know any spells.
Your spell library contained the following spells:

 Spells                   Type           Power      Damage    Failure   Level
 Scorch                   Fire           0%         2d5       58%         2
 Flame Wave               Conj/Fire      0%         2d4       99%         4
 Summon Cactus Giant      Summ           0%         N/A       100%        6


Dungeon Overview and Level Annotations

Branches:
Dungeon (4/15)
 Temple: D:4-7

Altars:
Qazlal


Innate Abilities, Weirdness & Mutations

Your serpentine skin is tough. (AC +1)
You have supernaturally acute eyesight. (SInv)
Armour fits poorly on your strangely shaped body.
Your system is resistant to poisons. (rPois)
You cover ground very slowly.
You can spit poison.
You have a snake-like lower body.


Message History

No target in view!
No target in view!
No target in view!
An adder comes into view.
A quokka comes into view.
There are monsters nearby!
There are monsters nearby!
There are monsters nearby!
You shoot a bolt. The bolt closely misses the quokka.
The adder hisses angrily.
An ogre comes into view. It is wielding a +0 giant club.
You shoot a bolt. The bolt hits the ogre!
The ogre is moderately wounded.
You shoot a bolt. The bolt hits the quokka!
You kill the quokka!
You shoot a bolt. The bolt closely misses the ogre.
The ogre closely misses you.
You shoot a bolt. The bolt hits the ogre.
The ogre is moderately wounded.
The ogre hits you with a +0 giant club!
You shoot a bolt. The bolt hits the ogre!
The ogre is heavily wounded.
You shoot a bolt. The bolt hits the ogre!
The ogre is almost dead.
The ogre hits you with a +0 giant club!!
You are too injured to fight recklessly!
You are too injured to fight recklessly!
You are too injured to fight recklessly!
Aiming: Spit Poison (1% risk of failure)
Press: ? - help, Shift-Dir - straight line, f/p - ogre
Aim: an ogre, wielding a +0 giant club (severely wounded, 81% to hit)
The splash of poison hits the ogre.
The ogre is almost dead.
The ogre hits you with a +0 giant club!
* * * LOW HITPOINT WARNING * * *
Shoot: a) +1 hand crossbow
Press: ? - help, Q - select action, (/) - cycle Shift-Dir - straight line, f/p - ogre
Aim: an ogre, wielding a +0 giant club (almost dead, 78% to hit)
You shoot a bolt. The bolt barely misses the ogre.
The ogre hits you with a +0 giant club!
You die...

#####) .....
.... ... .. #S
####.#O##
.†.....@#
.....#.#.......
... #. .###.##
. #. .# ## ##


You could see an ogre and an adder.

Vanquished Creatures
  A hound (D:2)
  An orc priest (D:2)
  Ijyb (D:3)
  An orc wizard (D:2)
  3 adders (D:2)
  A worm (D:2)
  2 orcs
  A bat (D:2)
  8 endoplasms
  2 goblins (D:1)
  6 hobgoblins
  4 jackals (D:2)
  12 kobolds
  6 quokkas
  2 ball pythons
  2 frilled lizards
  5 rats
58 creatures vanquished.

Vanquished Creatures (others)
  4 plants (D:3)
4 creatures vanquished.

Grand Total: 62 creatures vanquished

Notes
Turn   | Place    | Note
-------+----------+-------------------------------------------
     0 | D:1      | siradein the Naga Hunter began the quest for the Orb.
     0 | D:1      | Reached XP level 1. HP: 19/19 MP: 1/1
   257 | D:1      | Reached XP level 2. HP: 26/26 MP: 2/2
   267 | D:1      | You fall into a shaft and drop 1 floor!
   491 | D:2      | Reached XP level 3. HP: 18/33 MP: 3/3
   695 | D:2      | Reached skill level 4 in Crossbows
   958 | D:2      | Reached XP level 4. HP: 34/40 MP: 4/4
  2468 | D:2      | Reached XP level 5. HP: 27/49 MP: 5/5
  2681 | D:3      | Noticed Ijyb
  2691 | D:3      | Killed Ijyb
  3283 | D:3      | Found a stormy altar of Qazlal.
  3284 | D:3      | Noticed a water elemental
  3286 | D:3      | Noticed a fire elemental
  3302 | D:3      | Noticed an air elemental
  3506 | D:4      | Noticed an ogre
  3514 | D:4      | Mangled by an ogre

Illustrated notes

Levels and vault maps discovered:
D:1:      lightli_arrival_isolated_outpost, layout_loops_corners
D:2:      layout_loops_ring, kennysheep_generic_room_9
D:3:      layout_basic, nicolae_qazlal_style_of_elements, serial_forest,
          infiniplex_forest_lined_3, infiniplex_forest_zigzag_2,
          infiniplex_forest_lined_4_way, infiniplex_forest_straight_1,
          infiniplex_forest_lined_room_2, infiniplex_forest_lined_3,
          infiniplex_forest_clump_double, infiniplex_forest_clump_large,
          infiniplex_forest_lined_3, uniq_ijyb
D:4:      layout_basic, temple_statues, serial_shops, shop_fountains,
          minmay_lizard_king

Skill      XL: |  1  2  3  4  5 |
---------------+----------------+-----
Dodging        | 2 3 |  3.0
Crossbows      | 4 |  4.6
Fighting       | 3 |  3.6
Stealth        | |  1.5

Action                   |  1- 3 |  4- 6 || total
-------------------------+-------+-------++-------
 Fire: Hand crossbow     |    74 |    93 ||   167
 Abil: Spit Poison       |       |     6 ||     6
  Use: Scroll            |       |     1 ||     1
Armor: Leather armour    |     5 |     8 ||    13
Dodge: Dodged            |    15 |    27 ||    42

Table legend: (Time is in decaauts)
 A = Elapsed time spent in this place.
 B = Non-inter-level travel time spent in this place.
 C = Inter-level travel time spent in this place.
 D = Time resting spent in this place.
 E = Time spent auto-exploring this place.
 F = Levels seen in this place.
 G = Mean time per level.
                   A        B        C        D        E       F      G
               +--------+--------+--------+--------+--------+-----+--------+
         Total |   4425 |   4301 |    124 |    125 |   3744 |   4 | 1106.2 |
       Dungeon |   4425 |   4301 |    124 |    125 |   3744 |   4 | 1106.2 |
               +--------+--------+--------+--------+--------+-----+--------+

Top non-repeatable levels by time:
     D:2: 1674 daAuts
     D:1: 1346 daAuts
     D:3: 1316 daAuts
     D:4: 87 daAuts
